 Dungeon Crawl Stone Soup version 0.24-a0-275-g6f7e2cb (webtiles) character file.

Game seed: 14209086636849156483

92 silenth the Grave Robber (level 4, -3/30 HPs)
             Began as a Mummy Necromancer on Apr 27, 2019.
             Slain by a hound (4 damage)
             ... on level 3 of the Dungeon.
             The game lasted 00:03:02 (3007 turns).

silenth the Grave Robber (Mummy Necromancer)        Turns: 3007, Time: 00:03:03

Health: -3/30      AC:  2    Str: 11    XL:     4   Next: 35%
Magic:  0/9        EV: 12    Int: 15    God:
Gold:   142        SH:  0    Dex: 12    Spells: 5/10 levels left

rFire    x . .     SeeInvis .   f - +0 dagger
rCold    + . .     Gourm    .   (no shield)
rNeg     + + +     Faith    .   a - +0 robe
rPois    ∞         Spirit   .   (no helmet)
rElec    .         Reflect  .   h - scarf {cloud immunity}
rCorr    .         Harm     .   (no gloves)
MR       .....                  (no boots)
Stlth    ++........             (no amulet)
HPRegen  0.10/turn              j - ring of positive energy
MPRegen  0.11/turn              c - ring of positive energy

@: no status effects
A: no food or potions, fire vulnerability, cold resistance 1, negative energy
resistance 3, torment resistance, unbreathing
a: no special abilities


You were on level 3 of the Dungeon.
You were not hungry.

You visited 1 branch of the dungeon, and saw 3 of its levels.

You collected 142 gold pieces.

Inventory:

Hand Weapons
 f - a +0 dagger (weapon)
Armour
 a - a +0 robe (worn)
 h - a scarf of cloud immunity (worn)
Jewellery
 c - a ring of positive energy (right hand)
 j - a ring of positive energy (left hand)
Scrolls
 b - 4 scrolls of teleportation {unknown}
 d - 4 scrolls of remove curse {unknown}
 e - a scroll of blinking {unknown}
 g - a scroll of magic mapping {unknown}
 i - 2 scrolls of identify {unknown}


   Skills:
 - Level 1.5 Dodging
 - Level 1.5 Stealth
 + Level 3.9 Spellcasting
 * Level 5.3 Necromancy


You had 5 spell levels left.
You knew the following spells:

 Your Spells              Type           Power        Failure   Level  Hunger
a - Pain                  Necr           ###.         1%          1    N/A
b - Animate Skeleton      Necr           N/A          1%          1    N/A
c - Vampiric Draining     Necr           ###.......   6%          3    N/A

Your spell library contained the following spells:

 Spells                   Type           Power        Failure   Level  Hunger
 Animate Dead             Necr           N/A          21%         4    N/A
 Regeneration             Chrm/Necr      Unusable     N/A         3    N/A

Dungeon Overview and Level Annotations

Branches:
Dungeon (3/15)

Altars:
Okawaru
Zin


Innate Abilities, Weirdness & Mutations

You do not eat or drink.
Your flesh is vulnerable to fire.
You are immune to poison.
Your flesh is cold resistant. (rC+)
You are immune to negative energy. (rN+++)
You are immune to unholy pain and torment.
You can survive without breathing.


Message History

You feel life coursing into your body. The hound bites you.
The hound closely misses you. The hound barely misses you.
The hound completely misses you. The hound bites you.
Casting: Vampiric Draining (safe; 6% risk of failure)
Confirm with . or Enter, or press ? or * to list all spells.
Aiming: Vampiric Draining (safe; 6% risk of failure)
Press: ? - help, Shift-Dir - straight line, f - hound
Aim: a hound The hound is severely wounded.
You feel life coursing into your body. The hound bites you.
The orc priest calls down the wrath of Beogh upon you.
Beogh smites you!
* * * LOW HITPOINT WARNING * * *
The hound bites you.
* * * LOW HITPOINT WARNING * * *
You can't drink.
The hound bites you.
You die...

#.. #####.....###
#.#
##.............
#.###.#
#.......▓.♣.♣.▓
#..##.#
#..............
##.##.#
#.##.#..♣.♣.♣.♣
#)##.#
#.<#.#.....⚑....#
#.##.#
####.#..♣.♣.♣.♣.#
#.o#.#
#....##.........
##.#.#
#@#####.▓.♣.♣.▓ #
#.#.####h#
###.........#
#.....o..#
#.......##.#
##...#####
#..........#
#...# #.....).###
..(.>)# #...†...#
######.#
#...<...# #.#
#.......# #.#
####.####


You could see a hound.

Vanquished Creatures
  3 adders
  An ooze (D:1)
  A leopard gecko (D:2)
  An orc (D:3)
  4 ball pythons (D:2)
  2 bats (D:2)
  4 giant cockroaches (D:1)
  3 goblins
  11 hobgoblins
  7 jackals
  6 kobolds
  3 frilled lizards
  7 rats
53 creatures vanquished.

Notes
Turn   | Place    | Note
-------+----------+-------------------------------------------
     0 | D:1      | silenth the Mummy Necromancer began the quest for the Orb.
     0 | D:1      | Reached XP level 1. HP: 13/13 MP: 4/4
    42 | D:1      | Learned a level 1 spell: Animate Skeleton
   387 | D:1      | Reached skill level 3 in Spellcasting
   411 | D:1      | Reached XP level 2. HP: 12/19 MP: 0/6
  1048 | D:1      | Reached XP level 3. HP: 24/24 MP: 5/7
  1713 | D:2      | Found a glowing silver altar of Zin.
  1793 | D:2      | Reached skill level 5 in Necromancy
  2042 | D:2      | Learned a level 3 spell: Vampiric Draining
  2102 | D:2      | Reached XP level 4. HP: 30/30 MP: 1/9
  2944 | D:3      | Found an iron altar of Okawaru.
  3004 | D:3      | HP: 2/30 [orc priest/divine providence (12)]
  3007 | D:3      | Slain by a hound

Levels and vault maps discovered:
D:1:      dpeg_arrival_castle, layout_basic, minmay_tromino_mix6
D:2:      layout_basic, nicolae_overflow_crystal_walls, first_ration,
          minmay_misc_feat_room, minmay_shallow_snake_nest
D:3:      layout_basic, okawaru_trees_1, nicolae_ru_awakened_eye,
          fedhas_altar_fruit_tree, uniq_jessica

Skill      XL: |  1  2  3 |
---------------+----------+-----
Spellcasting   | 3 |  3.9
Necromancy     | 5 |  5.3
Dodging        | |  1.5
Stealth        | |  1.5

Action                   |  1- 3 |  4- 6 || total
-------------------------+-------+-------++-------
Melee: Unarmed           |     8 |       ||     8
       Dagger            |    26 |       ||    26
 Cast: Pain              |    62 |    26 ||    88
       Vampiric Draining |       |     2 ||     2
 Stab: Sleeping          |     1 |       ||     1
Armor: Robe              |     9 |       ||     9
Dodge: Dodged            |    54 |     9 ||    63

Table legend:
 A = Non-vault XP
 B = Vault XP
 C = Vault XP percentage of total XP
 D = Non-vault monster count
 E = Vault monster count
 F = Vault count percentage of total count
                 A         B        C        D         E       F
            +---------+---------+-------+---------+---------+-------
      Total |     105 |      27 |  20.5 |      44 |       9 |  17.0
            +---------+---------+-------+---------+---------+-------
        D:1 |      44 |       7 |  13.7 |      22 |       4 |  15.4
        D:2 |      44 |      20 |  31.2 |      19 |       5 |  20.8
        D:3 |      17 |       0 |   0.0 |       3 |       0 |   0.0
            +---------+---------+-------+---------+---------+-------
